 Dungeon Crawl Stone Soup version 0.13-a0-2561-ge340899 (webtiles) character file.

449 Kae the Ruinous (level 5, -6/28 HPs)
             Began as a Tengu Fire Elementalist on July 30, 2013.
             Mangled by Eustachio
             ... wielding a +0,+2 orcish flail of crushing
              (8 damage)
             ... on Level 4 of the Dungeon.
             The game lasted 00:06:48 (3568 turns).

Kae the Ruinous (Tengu Fire Elementalist)           Turns: 3568, Time: 00:06:48

HP  -6/28        AC  2     Str  8      XL: 5   Next: 61%
MP   7/12        EV 12     Int 16      God:
Gold 267         SH  0     Dex 15      Spells:  3 memorised,  3 levels left

Res.Fire  : . . .   See Invis. : .   E - -1,+4 orc whip
Res.Cold  : . . .   Warding    : .   a - +0 robe
Life Prot.: . . .   Conserve   : .   (no shield)
Res.Poison: .       Res.Corr.  : .   (helmet restricted)
Res.Elec. : .       Clarity    : .   (no cloak)
Sust.Abil.: . .     Spirit.Shd : .   (no gloves)
Res.Mut.  : .       Stasis     : .   (boots unavailable)
Res.Rott. : .       Flight     : .   (no amulet)
Saprovore : . . .                    (no ring)
                                     (no ring)

@: slightly resistant to hostile enchantments, fairly stealthy
A: able to fly, beak, talons 3
a: Fly


You were on level 4 of the Dungeon.
You were not hungry.

You visited 1 branch of the dungeon, and saw 4 of its levels.

You collected 247 gold pieces.

Inventory:

Hand weapons
 n - a +0,+0 short sword
 E - a -1,+4 orcish whip (weapon)
Missiles
 k - 3 darts
 m - a dart of frost (quivered)
 t - 8 silver darts
Armour
 a - a +0 robe (worn)
Comestibles
 c - 4 bread rations
 j - 4 pears
 v - a meat ration
 A - 2 apricots
 B - 2 apples
 I - 2 chunks of orc flesh
Scrolls
 d - 2 scrolls of blinking {unknown}
 f - 3 scrolls of identify {unknown}
 i - 5 scrolls of remove curse {unknown}
 o - a scroll of magic mapping {unknown}
 p - 4 scrolls of noise {unknown}
 r - a scroll of teleportation {unknown}
 s - a scroll of enchant armour {unknown}
 u - a scroll of fog {unknown}
 w - a scroll of amnesia {unknown}
 y - 2 scrolls of curse jewellery {unknown}
 F - a scroll of curse armour {unknown}
 G - a scroll of recharging {unknown}
Jewellery
 h - an uncursed amulet of resist corrosion {unknown}
 l - an uncursed ring of flight {unknown}
Potions
 e - a potion of restore abilities {unknown}
 g - a potion of cure mutation {unknown}
 q - 2 potions of curing
 x - a potion of confusion {unknown}
 z - a potion of flight {unknown}
 D - a potion of heal wounds {unknown}
Books
 b - a book of Flames

   Spells                             Type                      Level
   *Flame Tongue                      Conjuration/Fire             1
   *Throw Flame                       Conjuration/Fire             2
   *Conjure Flame                     Conjuration/Fire             3
   Inner Flame                        Hexes/Fire                   3
   Sticky Flame                       Conjuration/Fire             4
   Fireball                           Conjuration/Fire             5


   Skills:
 - Level 2.1 Dodging
 - Level 2.0 Stealth
 + Level 2.5 Spellcasting
 * Level 5.0 Conjurations
 + Level 4.2 Fire Magic


You had 3 spell levels left.
You knew the following spells:

 Your Spells              Type           Power        Failure   Level  Hunger
a - Flame Tongue          Conj/Fire      ###..        3%          1    #......
b - Throw Flame           Conj/Fire      ###...       6%          2    ##.....
c - Conjure Flame         Conj/Fire      ###.....     12%         3    ###....


Dungeon Overview and Level Annotations

Branches:
Dungeon (4/27)
 Temple: D:4-7

Altars:
Fedhas
Nemelex Xobeh

Shops:
D:4: [

Annotations
D:4 Eustachio


Innate Abilities, Weirdness & Mutations

You can fly.
You have a beak for a mouth.
You have claws for feet.


Message History

* * * LOW HITPOINT WARNING * * *
The orc closely misses you.
Casting: Flame Tongue
Confirm with . or Enter, or press ? or * to list all spells.
Aiming: Flame Tongue
Press: ? - help, Shift-Dir - straight line, f/p - Eustachio
Aim: Eustachio, wielding a runed orcish flail and wearing a leather armour (moderately wounded)
The flame hits Eustachio.
Eustachio is heavily wounded.
The orc hits you with an orcish club.
* * * LOW HITPOINT WARNING * * *
Eustachio mumbles some strange words.
Casting: Flame Tongue
Confirm with . or Enter, or press ? or * to list all spells.
Aiming: Flame Tongue
Press: ? - help, Shift-Dir - straight line, f/p - Eustachio
Aim: Eustachio, wielding a runed orcish flail and wearing a leather armour (heavily wounded)
The flame misses Eustachio.
Eustachio hits you with a runed orcish flail!
You die...

.## .... . .... .# #(.#
.# #..# .# #..# .# #..#
.# #.5# .# #@.#
.###############@o######
.....55..5@....rb........
..(#############)#######
...# #.# ..(# #(# ...#
#)#
..(#############)#######
.........o......(........


You could see Eustachio, an iron imp, a green rat, an orc and a bat.

Vanquished Creatures
  An orc wizard (D:3)
  A worker ant (D:3)
  3 adders
  A green rat (D:4)
  A giant mite (D:3)
  A worm (D:2)
  2 giant geckos
  6 orcs
  4 giant cockroaches
  7 goblins
  13 hobgoblins
  7 jackals
  A ball python (D:2)
  12 bats
  7 giant newts
  13 kobolds
  A quokka (D:2)
  6 rats
87 creatures vanquished.

Notes
Turn   | Place    | Note
--------------------------------------------------------------
     0 | D:1      | Kae, the Tengu Fire Elementalist, began the quest for the Orb.
     0 | D:1      | Reached XP level 1. HP: 10/10 MP: 3/3
   135 | D:1      | Reached XP level 2. HP: 15/15 MP: 5/5
   374 | D:1      | Found a sparkling altar of Nemelex Xobeh.
   879 | D:1      | Reached XP level 3. HP: 19/19 MP: 7/7
  1426 | D:2      | Reached XP level 4. HP: 7/24 MP: 5/9
  2117 | D:3      | Learned a level 2 spell: Throw Flame
  2121 | D:3      | Learned a level 3 spell: Conjure Flame
  2333 | D:3      | Reached skill level 4 in Conjurations
  2335 | D:3      | Found a blossoming altar of Fedhas.
  2486 | D:3      | Reached XP level 5. HP: 28/28 MP: 11/11
  3243 | D:4      | Found Grefohost's Antique Armour Emporium.
  3336 | D:4      | Reached skill level 5 in Conjurations
  3394 | D:4      | Noticed Eustachio
  3568 | D:4      | Mangled by Eustachio

Action                   |  1- 3 |  4- 6 || total
-------------------------+-------+-------++-------
Melee: Unarmed           |    35 |       ||    35
       Short sword       |     3 |    26 ||    29
       Whip              |       |    19 ||    19
Throw: Dart              |     6 |    11 ||    17
 Cast: Flame Tongue      |    66 |    75 ||   141
 Abil: Fly               |       |     1 ||     1
  Use: Potion            |       |     2 ||     2
 Stab: Sleeping          |     1 |     1 ||     2
